 Dungeon Crawl Stone Soup version 0.30-a0-782-ge64f9170bb (console) character file.

Game seed: 8365563635585117935

2 utis the Ruffian (level 1, -1/12 HPs)
             Began as a Tengu Wanderer on Feb 26, 2023.
             Slain by a quokka (3 damage)
             ... on level 1 of the Dungeon.
             The game lasted 00:01:39 (243 turns).

utis the Ruffian (Tengu Wanderer)                    Turns: 243, Time: 00:01:40

Health: -1/12      AC:  2    Str: 13    XL:     1   Next: 30%
Magic:  1/3        EV: 11    Int: 15    God:
Gold:   9          SH:  0    Dex:  9    Spells: 1/2 levels left

rFire   . . .      SeeInvis .      - Unarmed
rCold   . . .      Faith    .    (no shield)
rNeg    . . .      Spirit   .    e - +0 robe
rPois   .          Reflect  .    (helmet restricted)
rElec   .          Harm     .    (no cloak)
rCorr   .          Rampage  .    (no gloves)
Will    .....                    (boots unavailable)
Stlth   +                        (no amulet)
HPRegen 0.22/turn                (no ring)
MPRegen 0.08/turn                (no ring)

@: no status effects
A: beak, talons 3
a: no special abilities


You were on level 1 of the Dungeon.
You visited 1 branch of the dungeon, and saw 1 of its levels.

You collected 9 gold pieces.

Inventory:

Hand Weapons
 a - a +0 club
Armour
 e - a +0 robe (worn)
Scrolls
 c - a scroll of vulnerability
 g - a scroll of noise {unknown}
Potions
 b - a potion of brilliance
 d - a potion of attraction
 f - a potion of heal wounds {@q2}


   Skills:
 - Level 1.0 Fighting
 - Level 1.0 Throwing
 - Level 1.0 Stealth
 - Level 4.3 Unarmed Combat
 - Level 1.0 Spellcasting
 + Level 2.4 Fire Magic


You had one spell level left.
You knew the following spells:

 Your Spells              Type           Power      Damage    Failure   Level
Y - Foxfire               Conj/Fire      16%        2x1d4     16%         1

Your spell library contained the following spells:

 Spells                   Type           Power      Damage    Failure   Level
 Ignite Poison            Fire/Tmut/Pois 3%         N/A       47%         3


Dungeon Overview and Level Annotations

Branches:
Dungeon (1/15)

Altars:


Innate Abilities, Weirdness & Mutations

You have a beak for a mouth.
You have claws for feet.


Message History

The quokka bites you but does no damage.
The giant cockroach bites you.
* * * LOW HITPOINT WARNING * * *
The giant cockroach attacks as you move away!
The giant cockroach closely misses you.
The giant cockroach attacks as you move away!
The giant cockroach bites you.
* * * LOW HITPOINT WARNING * * *
The giant cockroach bites you but does no damage.
The quokka bites you but does no damage.
The giant cockroach attacks as you move away!
The giant cockroach bites you.
* * * LOW HITPOINT WARNING * * *
The giant cockroach attacks as you move away!
The giant cockroach barely misses you.
The giant cockroach attacks as you move away!
The giant cockroach bites you but does no damage.
The giant cockroach barely misses you.
The giant cockroach attacks as you move away!
The giant cockroach bites you but does no damage.
The giant cockroach attacks as you move away!
The giant cockroach bites you.
* * * LOW HITPOINT WARNING * * *
The giant cockroach barely misses you.
You conjure some foxfire!
* * * LOW MAGIC WARNING * * *
The giant cockroach bites you.
* * * LOW HITPOINT WARNING * * *
The giant cockroach attacks as you move away!
The giant cockroach closely misses you.
The foxfire hits the giant cockroach.
The giant cockroach is severely wounded.
The foxfire hits the giant cockroach.
You kill the giant cockroach!
The quokka attacks as you move away! The quokka bites you.
* * * LOW HITPOINT WARNING * * *
The quokka attacks as you move away!
The quokka bites you but does no damage.
The quokka completely misses you. The quokka attacks as you move away!
The quokka bites you.
You die...

░░░░░░░░░░
░░░░░.......➘░
░............░
░............░
░............░
░░.░░........░
░.░░........░
░r░░=.......░
░Q░░........░░░░░░
░.░░..............
░.░░†.......░░░░░░
░....░░░░░░░░ .
░░░░)░ ░ ░.░ ░ ..░
░ ..░ ░.░ ...░ ░.░


You could see a quokka.

Vanquished Creatures
  A giant cockroach (D:1)
  A bat (D:1)
2 creatures vanquished.

Vanquished Creatures (others)
  10 foxfires (D:1)
10 creatures vanquished.

Grand Total: 12 creatures vanquished

Notes
Turn   | Place    | Note
-------+----------+-------------------------------------------
     0 | D:1      | utis the Tengu Wanderer began the quest for the Orb.
     0 | D:1      | utis set off with the following items: a +0 club, a potion
                  | of brilliance, a scroll of vulnerability, a potion of
                  | attraction, a +0 robe, a potion of heal wounds {@q2}; and
                  | the following spell memorised: Foxfire; and the following
                  | spells available to memorise: Ignite Poison.
     0 | D:1      | Reached XP level 1. HP: 12/12 MP: 3/3
   243 | D:1      | Slain by a quokka

Illustrated notes

Levels and vault maps discovered:
D:1:      ncdulo_smallfort, layout_basic, serial_bayou_lagoon_a,
          hangedman_abyss_or_decor_lesser_grid

Action                     || total
---------------------------++-------
   Cast: Foxfire           ||     9
 Armour: Robe              ||    17
  Dodge: Dodged            ||    25

Table legend: (Time is in decaauts)
 A = Elapsed time spent in this place.
 B = Non-inter-level travel time spent in this place.
 C = Inter-level travel time spent in this place.
 D = Time resting spent in this place.
 E = Time spent auto-exploring this place.
 F = Levels seen in this place.
 G = Mean time per level.
                   A        B        C        D        E       F      G
               +--------+--------+--------+--------+--------+-----+--------+
         Total |    242 |    242 |      0 |      0 |    156 |   1 |  242.0 |
       Dungeon |    242 |    242 |      0 |      0 |    156 |   1 |  242.0 |
               +--------+--------+--------+--------+--------+-----+--------+

Top non-repeatable levels by time:
     D:1: 242 daAuts
